 Dungeon Crawl Stone Soup version 0.26-a0-466-g989023bd0d (webtiles) character file.

Game seed: 7452949728945017656

287 ohados the Insei (level 6, -8/47 HPs)
             Began as a Gnoll Transmuter on July 30, 2020.
             Killed from afar by a goblin (13 damage)
             ... with a puff of flame
             ... on level 4 of the Dungeon.
             The game lasted 00:05:53 (3321 turns).

ohados the Insei (Gnoll Transmuter)                 Turns: 3321, Time: 00:05:54

Health: -8/47      AC:  2    Str: 12    XL:     6   Next: 30%
Magic:  8/14       EV: 24    Int: 18    God:
Gold:   222        SH:  0    Dex: 20    Spells: 5/15 levels left

rFire    . . .     SeeInvis .     - Unarmed
rCold    . . .     Faith    .   (shield currently unavailable)
rNeg     . . .     Spirit   .   (armour currently unavailable)
rPois    x         Reflect  .   (helmet currently unavailable)
rElec    .         Harm     .   (cloak currently unavailable)
rCorr    .                      (gloves currently unavailable)
MR       .....                  (boots currently unavailable)
Stlth    ++........             y - amulet of inaccuracy (curse)
HPRegen  0.15/turn              (no ring)
MPRegen  0.14/turn              (no ring)

@: spider-form (expiring)
A: tiny, distributed training, strong nose
a: End Transformation


You were on level 4 of the Dungeon.
You were a venomous arachnid creature.
You visited 1 branch of the dungeon, and saw 4 of its levels.

You collected 222 gold pieces.

Inventory:

Hand Weapons
 f - a +0 dagger
 h - a +1 dagger of holy wrath
 q - a +0 hunting sling
 r - a +0 mace
 w - a +0 quarterstaff
Missiles
 l - a throwing net (quivered)
 x - 3 boomerangs
Armour
 a - a +0 robe (melded)
 c - a +0 ring mail
 g - a +0 scale mail
 j - a +1 pair of gloves (melded)
 z - a +0 chain mail
Jewellery
 y - a cursed amulet of inaccuracy (around neck)
Wands
 u - a wand of flame (16)
Scrolls
 e - 2 scrolls of enchant armour
 i - a scroll of amnesia
 k - 2 scrolls of fog
 p - 2 scrolls of blinking
 t - 3 scrolls of teleportation
Potions
 b - a potion of berserk rage {unknown}
 m - 2 potions of brilliance
 n - a potion of stabbing {unknown}
 s - 3 potions of curing
 v - a potion of ambrosia {unknown}


   Skills:
 + Level 3.2 Fighting
 + Level 1.9 Short Blades
 + Level 1.9 Long Blades
 + Level 1.9 Axes
 + Level 1.9 Maces & Flails
 + Level 1.9 Polearms
 + Level 1.9 Staves
 + Level 1.9 Slings
 + Level 1.9 Bows
 + Level 1.9 Crossbows
 + Level 1.9 Throwing
 + Level 1.9 Armour
 + Level 4.9 Dodging
 + Level 1.9 Stealth
 + Level 1.9 Shields
 + Level 6.8 Unarmed Combat
 + Level 5.3 Spellcasting
 + Level 1.5 Conjurations
 + Level 1.5 Hexes
 + Level 1.5 Summonings
 + Level 1.5 Necromancy
 + Level 1.5 Translocations
 + Level 4.1 Transmutations
 + Level 1.5 Fire Magic
 + Level 1.5 Ice Magic
 + Level 1.5 Air Magic
 + Level 1.5 Earth Magic
 + Level 1.5 Poison Magic
 + Level 2.1 Invocations
 + Level 1.9 Evocations


You had 5 spell levels left.
You knew the following spells:

 Your Spells              Type           Power        Failure   Level
a - Beastly Appendage     Tmut           ###...       9%          1
b - Wereblood             Tmut           ###.....     12%         2
c - Spider Form           Tmut/Pois      ##........   28%         3
d - Ice Form              Ice/Tmut       ##......     61%         4

Your spell library contained the following spells:

 Spells                   Type           Power        Failure   Level
 Blade Hands              Tmut           ###.......   75%         5


Dungeon Overview and Level Annotations

Branches:
Dungeon (4/15)
 Temple: D:4-7

Altars:
Fedhas
Vehumet
Wu Jian

Annotations:
D:2 2 transporters


Innate Abilities, Weirdness & Mutations

Your experience applies equally to all skills.
((You have very sharp teeth.))
Your uncanny sense of smell can sniff out nearby items.


Message History

The puff of flame misses you. The orc priest misses you.
Unknown command.
You bite the orc priest!
The orc priest looks as sick as possible!
The orc priest is almost dead.
You kill the orc priest!
The goblin misses you. What are your orders? t - Hiss!
Orders for allies: a - Attack new target. r - Retreat! s - Stop attacking. g - Guard the area. f - Follow me.
Anything else - Cancel.
Okay, then.
The goblin zaps a wand.
The puff of flame hits you!
* * * LOW HITPOINT WARNING * * *
Unknown command.
Your transformation is almost over.
The goblin zaps a wand.
The puff of flame hits you!
You die...

.. ## ..# ##. .... ..
..... .#####
....#####......
......#....# .>##..Js#
#.#....##.##
#.#.g........ ∆
#.#.#####.... ∆∆
#####.#...g.# ###
#.......###.######..
#...†...###.##.....# _
#.......†...g..# ...
#......#....).)##....#


You could see an ooze and a goblin.

Vanquished Creatures
  2 orc wizards (D:4)
  2 orc priests (D:4)
  5 adders
  4 gnolls (D:2)
  A worm (D:3)
  2 dart slugs
  A leopard gecko (D:2)
  2 orcs
  14 bats
  6 giant cockroaches
  3 hobgoblins
  11 jackals
  6 kobolds
  2 ball pythons
  8 frilled lizards
  9 goblins
  6 rats
84 creatures vanquished.

Notes
Turn   | Place    | Note
-------+----------+-------------------------------------------
     0 | D:1      | ohados the Gnoll Transmuter began the quest for the Orb.
     0 | D:1      | Reached XP level 1. HP: 17/17 MP: 6/6
   157 | D:1      | Reached XP level 2. HP: 17/23 MP: 5/7
   724 | D:1      | Reached XP level 3. HP: 24/28 MP: 7/9
   728 | D:1      | Learned a level 2 spell: Wereblood
   732 | D:1      | Learned a level 3 spell: Spider Form
   809 | D:1      | Reached skill level 5 in Spellcasting
  1041 | D:2      | Reached skill level 1 in Invocations
  1043 | D:2      | Reached skill level 1 in Short Blades
  1043 | D:2      | Reached skill level 1 in Long Blades
  1043 | D:2      | Reached skill level 1 in Axes
  1043 | D:2      | Reached skill level 1 in Maces & Flails
  1043 | D:2      | Reached skill level 1 in Polearms
  1043 | D:2      | Reached skill level 1 in Staves
  1043 | D:2      | Reached skill level 1 in Slings
  1043 | D:2      | Reached skill level 1 in Bows
  1043 | D:2      | Reached skill level 1 in Crossbows
  1043 | D:2      | Reached skill level 1 in Throwing
  1043 | D:2      | Reached skill level 1 in Armour
  1043 | D:2      | Reached skill level 1 in Stealth
  1043 | D:2      | Reached skill level 1 in Shields
  1043 | D:2      | Reached skill level 1 in Evocations
  1047 | D:2      | Reached XP level 4. HP: 10/34 MP: 8/11
  1283 | D:2      | Learned a level 4 spell: Ice Form
  1497 | D:2      | Reached skill level 1 in Conjurations
  1497 | D:2      | Reached skill level 1 in Hexes
  1497 | D:2      | Reached skill level 1 in Summonings
  1497 | D:2      | Reached skill level 1 in Necromancy
  1497 | D:2      | Reached skill level 1 in Translocations
  1497 | D:2      | Reached skill level 1 in Fire Magic
  1497 | D:2      | Reached skill level 1 in Ice Magic
  1497 | D:2      | Reached skill level 1 in Air Magic
  1497 | D:2      | Reached skill level 1 in Earth Magic
  1497 | D:2      | Reached skill level 1 in Poison Magic
  1777 | D:2      | Found a transporter.
  1779 | D:2      | Noticed a phantom
  1817 | D:2      | Reached XP level 5. HP: 40/40 MP: 9/12
  1890 | D:2      | Found a transporter.
  1898 | D:2      | Found an ornate altar of the Wu Jian Council.
  2986 | D:3      | Found a blossoming altar of Fedhas.
  3287 | D:4      | Found a radiant altar of Vehumet.
  3295 | D:4      | Reached XP level 6. HP: 25/47 MP: 7/13
  3321 | D:4      | Killed from afar by a goblin

Illustrated notes

Levels and vault maps discovered:
D:1:      saegor_arrival_under_anarchy, layout_basic
D:2:      layout_basic, gammafunk_temple_overflow_arena,
          minmay_misc_feat_encased
D:3:      layout_loops_corners, lemuel_round_altar, minmay_pentangle
D:4:      layout_basic, vehumet_altar_wand_db, grunt_decor_fettered

Skill      XL: |  1  2  3  4  5 |
---------------+----------------+-----
Spellcasting   | 5 |  5.3
Invocations    | 1 2 |  2.1
Short Blades   | 1 |  1.9
Long Blades    | 1 |  1.9
Axes           | 1 |  1.9
Maces & Flails | 1 |  1.9
Polearms       | 1 |  1.9
Staves         | 1 |  1.9
Slings         | 1 |  1.9
Bows           | 1 |  1.9
Crossbows      | 1 |  1.9
Throwing       | 1 |  1.9
Armour         | 1 |  1.9
Stealth        | 1 |  1.9
Shields        | 1 |  1.9
Evocations     | 1 |  1.9
Conjurations   | 1 |  1.5
Hexes          | 1 |  1.5
Summonings     | 1 |  1.5
Necromancy     | 1 |  1.5
Translocations | 1 |  1.5
Fire Magic     | 1 |  1.5
Ice Magic      | 1 |  1.5
Air Magic      | 1 |  1.5
Earth Magic    | 1 |  1.5
Poison Magic   | 1 |  1.5
Fighting       | 3 |  3.2
Transmutations | 4 |  4.1
Dodging        | |  4.9
Unarmed Combat | |  6.8

Action                   |  1- 3 |  4- 6 || total
-------------------------+-------+-------++-------
Melee: Unarmed           |    50 |   108 ||   158
       Kick              |     9 |       ||     9
       Bite              |     2 |     4 ||     6
       Headbutt          |     6 |     3 ||     9
       Punch             |     1 |     1 ||     2
 Cast: Beastly Appendage |    19 |     6 ||    25
       Spider Form       |     1 |    20 ||    21
       Ice Form          |       |     2 ||     2
  Use: Scroll            |       |     9 ||     9
       Potion            |       |     2 ||     2
 Stab: Sleeping          |       |     3 ||     3
Armor: Robe              |     7 |     5 ||    12
       Skin              |       |     6 ||     6
Dodge: Dodged            |    46 |    93 ||   139

Table legend: (Time is in decaauts)
 A = Elapsed time spent in this place.
 B = Non-inter-level travel time spent in this place.
 C = Inter-level travel time spent in this place.
 D = Time resting spent in this place.
 E = Time spent auto-exploring this place.
 F = Levels seen in this place.
 G = Mean time per level.
                   A        B        C        D        E       F      G
               +--------+--------+--------+--------+--------+-----+--------+
         Total |   3302 |   3216 |     86 |    205 |   2439 |   4 |  825.5 |
       Dungeon |   3302 |   3216 |     86 |    205 |   2439 |   4 |  825.5 |
               +--------+--------+--------+--------+--------+-----+--------+

Top non-repeatable levels by time:
     D:1: 1196 daAuts
     D:3: 1166 daAuts
     D:2: 813 daAuts
     D:4: 125 daAuts
